 Dungeon Crawl Stone Soup version 0.31-a0-1098-g6898e6545c (webtiles) character file.

Game seed: 13443195465931511511

47 kae the Vexing (level 3, -5/25 HPs)
             Began as a Demonspawn Enchanter on Nov 30, 2023.
             Slain by a gnoll
             ... wielding a +0 spear
              (7 damage)
             ... on level 3 of the Dungeon.
             The game lasted 00:01:36 (1788 turns).

kae the Vexing (Demonspawn Enchanter)               Turns: 1788, Time: 00:01:36

Health: -5/25      AC:  4    Str:  8    XL:     3   Next: 48%
Magic:  1/6        EV: 12    Int: 15    God:
Gold:   24         SH:  0    Dex: 15    Spells: 1/6 levels left

rFire   . . .        a - +1 dagger
rCold   . . .        (no shield)
rNeg    . . .        b - +0 robe
rPois   .            (no helmet)
rElec   .            (no cloak)
rCorr   .            (no gloves)
SInv    .            (no boots)
Will    .....        (no amulet)
Stlth   ++           (no ring)
HPRegen 0.24/turn    (no ring)
MPRegen 0.10/turn

%: no passive effects
@: very slightly contaminated, invisible
A: icy blue scales 1
a: no special abilities


You were on level 3 of the Dungeon.
You visited 1 branch of the dungeon, and saw 3 of its levels.

You collected 24 gold pieces.


Innate Abilities, Weirdness & Mutations

You are partially covered in icy blue scales. (AC +2)


   Skills:
 + Level 0.9 Fighting
 * Level 1.5 Short Blades
 + Level 2.0 Dodging
 * Level 3.0 Stealth
 + Level 2.2 Spellcasting
 * Level 3.4 Hexes


You had one spell level left.
You knew the following spells:

 Your Spells              Type           Power      Damage    Failure   Level
a - Ensorcelled Hibernat  Hex/Ice        12%        N/A       16%         2
b - Confusing Touch       Hex            12%        N/A       16%         3

Your spell library contained the following spells:

 Spells                   Type           Power      Damage    Failure   Level
 Necrotise                Necr           4%         1d4       22%         1
 Tukima's Dance           Hex            12%        N/A       16%         3
 Dazzling Flash           Conj/Hex       12%        N/A       32%         3
 Vampiric Draining        Necr           1%         2d6       54%         3
 Agony                    Necr           1%         N/A       99%         5

Inventory:

Hand Weapons
 a - a +1 dagger (weapon)
Armour
 b - a +0 robe (worn)
 d - a +0 buckler
   (You found it on level 2 of the Dungeon)
 e - a +2 kite shield
   (You found it on level 2 of the Dungeon)
Potions
 c - a potion of invisibility
 f - a potion of curing {@q1}

Dungeon Overview and Level Annotations

Branches:
Dungeon (3/15) Zot: 16218

Altars:

Annotations:
D:2 exclusion: black bear

## #. #. .
#. ...
#.####.....
#.)@g....#
##########


You could see a gnoll (unable to see you).


Message History

You can't go up here!
You climb downwards.
There is a stone staircase leading up here.
A ball python is nearby!
The helpless ball python fails to defend itself.
You impale the ball python!!
You kill the ball python!
Your magical contamination has completely faded away.
You start resting. 😎 HP[+4] MP[+1]
Your hp is fully restored (25).
There is a stone staircase leading up here.
You start resting. 😎 MP[+3]
You regained 3 mp, and now have 5/6 mp.
You start resting. 😎 MP[+1]
Your mp is fully restored (6).
You climb upwards.
Level annotation: exclusion: black bear The gnoll closely misses you.
There is a stone staircase leading down here.
You see here a frilled lizard skeleton.
You hit the gnoll but do no damage. The gnoll barely misses you.
The gnoll misses you. The gnoll barely misses you.
The gnoll hits you with a +0 spear.
You climb downwards.
There is a stone staircase leading up here. 😕 HP[-4]
You take 4 damage, and now have 21/25 hp.
Casting: Ensorcelled Hibernation (safe; 16% risk of failure)
Confirm with . or Enter, or press ? or * to list all spells.
Aiming: Ensorcelled Hibernation (safe; 16% risk of failure)
Press: ? - help, Shift-Dir - straight line, f - gnoll
Aim: a gnoll, wielding a +0 club (chance to affect: 49%)
The gnoll resists with some effort.
The gnoll barely misses you.
The gnoll hits you with a +0 spear. 😮 HP[-4] MP[-2]
You take 4 damage, and now have 17/25 hp.
You lost 2 mp, and now have 4/6 mp.
Casting: Ensorcelled Hibernation (safe; 16% risk of failure)
Confirm with . or Enter, or press ? or * to list all spells.
Aiming: Ensorcelled Hibernation (safe; 16% risk of failure)
Press: ? - help, Shift-Dir - straight line, f/p - gnoll
Aim: a gnoll, wielding a +0 club (chance to affect: 49%)
The gnoll resists with some effort.
The gnoll hits you with a +0 club.
* * * LOW HITPOINT WARNING * * *
The gnoll barely misses you. 😨 HP[-6] MP[-2]
You take 6 damage, and now have 11/25 hp.
MASSIVE DAMAGE!! (PAUSE)
You lost 2 mp, and now have 2/6 mp.
Casting: Ensorcelled Hibernation (safe; 16% risk of failure)
Confirm with . or Enter, or press ? or * to list all spells.
Aiming: Ensorcelled Hibernation (safe; 16% risk of failure)
Press: ? - help, Shift-Dir - straight line, f/p - gnoll
Aim: a gnoll, wielding a +0 club (chance to affect: 49%)
You miscast Ensorcelled Hibernation.
You are very lightly contaminated with residual magic.
Nothing appears to happen.
The gnoll hits you but does no damage. The gnoll barely misses you. 😨 MP[-2]
You lost 2 mp, and now have 0/6 mp.
You fade into invisibility!
The gnoll barely misses you. x2 😨 HP[+1]
You hit the gnoll. The gnoll barely misses you. The gnoll closely misses you.
Unknown command.
You hit the gnoll. The gnoll barely misses you.
You hit the gnoll. The gnoll hits you with a +0 spear.
* * * LOW HITPOINT WARNING * * *
😨 HP[-4]
You take 4 damage, and now have 8/25 hp.
You hit the gnoll. The gnoll hits you but does no damage.
The gnoll hits you with a +0 club.
* * * LOW HITPOINT WARNING * * *
😱 HP[-2]
You take 2 damage, and now have 6/25 hp.
You hit the gnoll. The gnoll hits you with a +0 spear.
* * * LOW HITPOINT WARNING * * *
The gnoll hits you with a +0 club.
* * * LOW HITPOINT WARNING * * *
😱 HP[-4]
You take 4 damage, and now have 2/25 hp.
Unknown command.
You barely miss the gnoll.
The gnoll barely misses you. 😱 MP[+1] Unknown command.
You hit the gnoll. The gnoll hits you but does no damage.
Unknown command.
You hit the gnoll but do no damage. The gnoll barely misses you.
The gnoll hits you but does no damage.
Unknown command.
You hit the gnoll. The gnoll hits you with a +0 spear.
* * * LOW HITPOINT WARNING * * *
Unknown command.
You hit the gnoll.
You kill the gnoll!
The gnoll hits you with a +0 spear!
You die...

Skill      XL: |  1  2 |
---------------+-------+-----
Short Blades   | 1 |  1.5
Stealth        | 3 |  3.0
Dodging        | 2 |  2.0
Fighting       | |  0.9
Spellcasting   | |  2.2
Hexes          | |  3.4

Action                     || total
---------------------------++-------
  Melee: Dagger            ||   136
   Cast: Ensorcelled Hiber ||    12
    Use: Scroll            ||     4
         Potion            ||     1
   Stab: Sleeping          ||    11
 Armour: Robe              ||    78
  Dodge: Dodged            ||    84

Levels and vault maps discovered:
D:1:      lightli_arrival_quake, layout_basic, chequers_serial_rivers_micro_d,
          minivault_24
D:2:      minmay_skewed_foursquare, layout_loops_cross, basic_altar,
          hangedman_abyss_or_decor_stabs, kennysheep_generic_room_11
D:3:      layout_basic, st_stairs_14, lexackson_kobold_supper

Notes
Turn   | Place    | Note
-------+----------+-------------------------------------------
     0 | D:1      | kae the Demonspawn Enchanter began the quest for the Orb.
     0 | D:1      | Reached XP level 1. HP: 13/13 MP: 3/3
     0 | D:1      | magus.rc [v1.11.3]
   119 | D:1      | Reached skill level 1 in Short Blades
   219 | D:1      | Gained mutation: You are partially covered in icy blue
                  | scales. (AC +2) [demonic ancestry]
   219 | D:1      | Reached XP level 2. HP: 16/19 MP: 5/5
   588 | D:1      | Learned a level 2 spell: Ensorcelled Hibernation
   819 | D:2      | Noticed a black bear
  1252 | D:2      | You pick up a book of Necromancy and begin reading...
  1252 | D:2      | You add the spells Necrotise, Vampiric Draining and Agony
                  | to your library.
  1264 | D:2      | Reached skill level 3 in Stealth
  1306 | D:2      | Reached skill level 2 in Dodging
  1306 | D:2      | Reached XP level 3. HP: 24/25 MP: 3/6
  1374 | D:2      | Learned a level 3 spell: Confusing Touch
  1620 | D:2      | HP: 6/25 [gnoll/+0 spear (3)]
  1782 | D:3      | HP: 6/25 [gnoll/+0 club (2)]
  1783 | D:3      | HP: 2/25 [gnoll/+0 club (2)]
  1788 | D:3      | Slain by a gnoll

Vanquished Creatures
  A gnoll (D:3)
  An adder (D:2)
  3 dart slugs
  4 ball pythons
  3 bats
  An endoplasm (D:2)
  A giant cockroach (D:1)
  3 goblins
  7 hobgoblins
  3 frilled lizards (D:2)
  A kobold (D:2)
  5 rats
33 creatures vanquished.

Table legend:
 A = Non-vault XP
 B = Vault XP
 C = Vault XP percentage of total XP
 D = Non-vault monster count
 E = Vault monster count
 F = Vault count percentage of total count
                 A         B        C        D         E       F
            +---------+---------+-------+---------+---------+-------
      Total |      64 |      18 |  22.0 |      28 |       5 |  15.2
            +---------+---------+-------+---------+---------+-------
        D:1 |      28 |       0 |   0.0 |      14 |       0 |   0.0
        D:2 |      21 |      18 |  46.2 |      12 |       5 |  29.4
        D:3 |      15 |       0 |   0.0 |       2 |       0 |   0.0
            +---------+---------+-------+---------+---------+-------

Skill      XL: |  1  2 |
---------------+-------+-----
Short Blades   | 1 |  1.5
Stealth        | 3 |  3.0
Dodging        | 2 |  2.0
Fighting       | |  0.9
Spellcasting   | |  2.2
Hexes          | |  3.4

Action                     || total
---------------------------++-------
  Melee: Dagger            ||   136
   Cast: Ensorcelled Hiber ||    12
    Use: Scroll            ||     4
         Potion            ||     1
   Stab: Sleeping          ||    11
 Armour: Robe              ||    78
  Dodge: Dodged            ||    84

Illustrated notes

Table legend:
 A = Kills in this place as a percentage of kills in the entire game.
 B = Kills by you in this place as a percentage of kills by you in the entire game.
 C = Kills by friends in this place as a percentage of kills by friends in the entire game.
 D = Other kills in this place as a percentage of other kills in the entire game.
 E = Experience gained in this place as a percentage of experience gained in the entire game.
 F = Experience gained in this place divided by the number of levels of this place that you have seen.
                   A       B       C       D       E      F
               +-------+-------+-------+-------+-------+----------------------
         Total | 100.0 | 100.0 |   N/A |   N/A | 100.0 |  27.3
       Dungeon | 100.0 | 100.0 |   N/A |   N/A | 100.0 |  27.3
               +-------+-------+-------+-------+-------+----------------------

Table legend: (Time is in decaauts)
 A = Elapsed time spent in this place.
 B = Non-inter-level travel time spent in this place.
 C = Inter-level travel time spent in this place.
 D = Time resting spent in this place.
 E = Time spent auto-exploring this place.
 F = Levels seen in this place.
 G = Mean time per level.
                   A        B        C        D        E       F      G
               +--------+--------+--------+--------+--------+-----+--------+
         Total |   1780 |   1749 |     31 |    320 |   1069 |   3 |  593.3 |
       Dungeon |   1780 |   1749 |     31 |    320 |   1069 |   3 |  593.3 |
               +--------+--------+--------+--------+--------+-----+--------+

Top non-repeatable levels by time:
     D:2: 879 daAuts
     D:1: 838 daAuts
     D:3: 62 daAuts
